ABL
CANTERBURY BULLDOGS @ NORTH MELBOURNE KANGAROOS
06/04/2022
 
TOP OF THE 1ST
Canterbury Bulldogs batting - Pitching for North Melbourne Kangaroos : LHP Hans Kalman
Pitching: LHP Hans Kalman
Batting: RHB Andre Farnsworth 0-0: Ball
1-0: Swinging Strike
1-1: Ball
2-1: Foul Ball, location: 2F
2-2: Strikes out swinging
Batting: RHB David Oldreave 0-0: SINGLE (Groundball, 4MD, EV 96.3 MPH)
Batting: LHB Max Walters 0-0: Foul Ball, location: 25F
0-1: Foul Ball, location: 5FF
0-2: Ball
1-2: Ball
2-2: Ball
3-2: DOUBLE (Line Drive, 9LD, EV 102.5 MPH)
David Oldreave to third
Runner from 3rd tries for Home, SAFE, throw by RF to trailing runner, SAFE at third!
Batting: RHB Tas Reeves 0-0: Fly out, F8 (Flyball, 8LM, EV 83.1 MPH)
Runner from 3rd tags up, OUT at HOME! 8-2
Top of the 1st over - 1 run, 2 hits, 0 errors, 0 left on base; Canterbury 1 - North Melbourne 0
BOTTOM OF THE 1ST
North Melbourne Kangaroos batting - Pitching for Canterbury Bulldogs : RHP Jamie Gemmell
Pitching: RHP Jamie Gemmell
Batting: RHB Gareth Dunn 0-0: Ball
1-0: Foul Ball, location: 7LSF
1-1: Swinging Strike
1-2: Ground out 5-3 (Groundball, 56S, EV 86.9 MPH)
Batting: RHB Alan Morgan 0-0: Ball
1-0: Ball
2-0: Foul Ball, location: 9LMF
2-1: Ball
3-1: Foul Ball, location: 2F
3-2: Base on Balls
Batting: LHB Harry Message 0-0: Ball
1-0: Foul Ball, location: 3FF
1-1: Called Strike
1-2: Ball
2-2: Ball
3-2: Strikes out looking
Batting: RHB Gavan Metherall 0-0: Called Strike
0-1: Ball
1-1: SINGLE (Groundball, 6MS, EV 67.5 MPH) (infield hit)
Alan Morgan to second
Batting: LHB Ron Brumby 0-0: Ball
1-0: Ball
2-0: Foul Ball, location: 9LMF
2-1: Ground out U3 (Groundball, 3S, EV 65.0 MPH)
Bottom of the 1st over - 0 runs, 1 hit, 0 errors, 2 left on base; Canterbury 1 - North Melbourne 0
TOP OF THE 2ND
Canterbury Bulldogs batting - Pitching for North Melbourne Kangaroos : LHP Hans Kalman
Batting: LHB Shane Johnston 0-0: Ball
1-0: Called Strike
1-1: Foul Ball, location: 7LDF
1-2: Ball
2-2: Ball
3-2: Foul Ball, location: 3SF
3-2: Fly out, F9 (Flyball, 9S, EV 84.4 MPH)
Batting: RHB Harry Pratly 0-0: Called Strike
0-1: Ball
1-1: Ball
2-1: Swinging Strike
2-2: Foul Ball, location: 2F
2-2: Ball
3-2: Foul Ball, location: 25FF
3-2: SINGLE (Groundball, 6D, EV 101.3 MPH)
Batting: RHB Ted Claridge 0-0: Called Strike
0-1: Swinging Strike
0-2: Strikes out looking
Batting: RHB Mitchel Watson 0-0: Called Strike
0-1: Ground out 5-3 (Groundball, 56S, EV 65.0 MPH)
Top of the 2nd over - 0 runs, 1 hit, 0 errors, 1 left on base; Canterbury 1 - North Melbourne 0
BOTTOM OF THE 2ND
North Melbourne Kangaroos batting - Pitching for Canterbury Bulldogs : RHP Jamie Gemmell
Batting: RHB Brenden Gulledge 0-0: Ball
1-0: SINGLE (Line Drive, 78S, EV 95.0 MPH)
Batting: LHB Mat Stringfellow 0-0: Called Strike
0-1: Foul Ball, location: 5F
0-2: DOUBLE (Line Drive, 7LM, EV 110.0 MPH)
Brenden Gulledge to third
Batting: RHB Kole Torin 0-0: Called Strike
0-1: Ball
1-1: Ball
2-1: Ball
3-1: Called Strike
3-2: Ground out U3 (Groundball, 34D, EV 98.1 MPH)
Brenden Gulledge scores
Mat Stringfellow to third
Batting: LHB Hans Kalman 0-0: Swinging Strike
0-1: Ball
1-1: Swinging Strike
1-2: Strikes out swinging
Batting: RHB Gareth Dunn 0-0: Fly out, F2 (Popup, 23F, EV 76.3 MPH)
Bottom of the 2nd over - 1 run, 2 hits, 0 errors, 1 left on base; Canterbury 1 - North Melbourne 1
TOP OF THE 3RD
Canterbury Bulldogs batting - Pitching for North Melbourne Kangaroos : LHP Hans Kalman
Batting: RHB Jamie Gemmell 0-0: Foul Ball, location: 2F
0-1: Foul Ball, location: 2F
0-2: Foul Ball, location: 23FF
0-2: Ball
1-2: Strikes out swinging
Batting: RHB Andre Farnsworth 0-0: Foul Ball, location: 2F
0-1: Ball
1-1: Ground out 6-3 (Groundball, 6, EV 87.5 MPH)
Batting: RHB David Oldreave 0-0: Foul Ball, location: 2F
0-1: SINGLE (Groundball, 6MD, EV 101.9 MPH)
Batting: LHB Max Walters 0-0: Called Strike
0-1: Ball
1-1: Foul Ball, location: 2F
1-2: Ground out 4-3 (Groundball, 34D, EV 90.0 MPH)
Top of the 3rd over - 0 runs, 1 hit, 0 errors, 1 left on base; Canterbury 1 - North Melbourne 1
BOTTOM OF THE 3RD
North Melbourne Kangaroos batting - Pitching for Canterbury Bulldogs : RHP Jamie Gemmell
Batting: RHB Alan Morgan 0-0: Ball
1-0: Foul Ball, location: 2F
1-1: Foul Ball, location: 3FF
1-2: SINGLE (Groundball, 4MS, EV 63.8 MPH) (infield hit)
Batting: LHB Harry Message 0-0: Foul Ball, location: 2F
0-1: Ball
1-1: Ball
2-1: Fly out, F8 (Flyball, 8LD, EV 85.6 MPH)
Batting: RHB Gavan Metherall 0-0: Ball
1-0: Grounds into double play, 6-4-3 (Groundball, 6, EV 86.3 MPH)
Bottom of the 3rd over - 0 runs, 1 hit, 0 errors, 0 left on base; Canterbury 1 - North Melbourne 1
TOP OF THE 4TH
Canterbury Bulldogs batting - Pitching for North Melbourne Kangaroos : LHP Hans Kalman
Batting: RHB Tas Reeves 0-0: Foul Ball, location: 25F
0-1: Called Strike
0-2: Ball
1-2: Fly out, F6 (Popup, 4M, EV 50.6 MPH)
Batting: LHB Shane Johnston 0-0: Called Strike
0-1: Ball
1-1: Foul Ball, location: 5DF
1-2: SINGLE (Line Drive, 89M, EV 103.8 MPH)
Batting: RHB Harry Pratly 0-0: Foul Ball, location: 2F
0-1: Swinging Strike
0-2: Ball
1-2: Ball
2-2: Grounds into double play, 4-6-3 (Groundball, 4, EV 85.0 MPH)
Top of the 4th over - 0 runs, 1 hit, 0 errors, 0 left on base; Canterbury 1 - North Melbourne 1
BOTTOM OF THE 4TH
North Melbourne Kangaroos batting - Pitching for Canterbury Bulldogs : RHP Jamie Gemmell
Batting: LHB Ron Brumby 0-0: Called Strike
0-1: Ground out U3 (Groundball, 3, EV 107.5 MPH)
Batting: RHB Brenden Gulledge 0-0: Foul Ball, location: 2RF
0-1: Called Strike
0-2: Foul Ball, location: 2F
0-2: Strikes out swinging
Batting: LHB Mat Stringfellow 0-0: Ball
1-0: Called Strike
1-1: Fly out, F6 (Popup, 6S, EV 64.4 MPH)
Bottom of the 4th over - 0 runs, 0 hits, 0 errors, 0 left on base; Canterbury 1 - North Melbourne 1
TOP OF THE 5TH
Canterbury Bulldogs batting - Pitching for North Melbourne Kangaroos : LHP Hans Kalman
Batting: RHB Ted Claridge 0-0: Ball
1-0: Ball
2-0: Ball
3-0: Called Strike
3-1: Base on Balls
Batting: RHB Mitchel Watson 0-0: SINGLE (Line Drive, 8RS, EV 90.0 MPH)
Ted Claridge to second
Batting: RHB Jamie Gemmell 0-0: Sac Bunt to 13 - play at first, batter OUT! 1-4
Ted Claridge to third
Mitchel Watson to second
Batting: RHB Andre Farnsworth 0-0: Ball
1-0: Swinging Strike
1-1: Ball
2-1: Ground out 4-3 (Groundball, 4D, EV 79.4 MPH)
Batting: RHB David Oldreave 0-0: Ball
1-0: Foul Ball, location: 7LSF
1-1: Ball
2-1: Ground out 6-3 (Groundball, 6, EV 81.9 MPH)
Top of the 5th over - 0 runs, 1 hit, 0 errors, 2 left on base; Canterbury 1 - North Melbourne 1
BOTTOM OF THE 5TH
North Melbourne Kangaroos batting - Pitching for Canterbury Bulldogs : RHP Jamie Gemmell
Batting: RHB Kole Torin 0-0: Called Strike
0-1: TRIPLE (Flyball, 7D, EV 105.0 MPH)
Batting: LHB Hans Kalman 0-0: Ball
1-0: Ball
2-0: Fly out, F6 (Popup, 4MD, EV 46.9 MPH)
Batting: RHB Gareth Dunn 0-0: Called Strike
0-1: Ball
1-1: Called Strike
1-2: Foul Ball, location: 9LMF
1-2: Foul Ball, location: 2F
1-2: Ball
2-2: Fly out, F7 (Flyball, 78XD, EV 104.4 MPH)
Runner from 3rd tags up, SCORES, no throw by LF
Batting: RHB Alan Morgan 0-0: Ball
1-0: Swinging Strike
1-1: Called Strike
1-2: Strikes out swinging
Bottom of the 5th over - 1 run, 1 hit, 0 errors, 0 left on base; Canterbury 1 - North Melbourne 2
TOP OF THE 6TH
Canterbury Bulldogs batting - Pitching for North Melbourne Kangaroos : LHP Hans Kalman
Batting: LHB Max Walters 0-0: Called Strike
0-1: DOUBLE (Line Drive, 7LS, EV 86.9 MPH)
Batting: RHB Tas Reeves 0-0: Swinging Strike
0-1: Fly out, F7 (Flyball, 7LMF, EV 101.9 MPH)
Batting: LHB Shane Johnston 0-0: Called Strike
0-1: Ball
1-1: Ball
2-1: Foul Ball, location: 25F
2-2: Ball
3-2: Foul Ball, location: 7LMF
3-2: Foul Ball, location: 25F
3-2: Foul Ball, location: 2F
3-2: Foul Ball, location: 7LDF
3-2: Fly out, F7 (Flyball, 7LSF, EV 93.8 MPH)
Batting: RHB Harry Pratly 0-0: Ball
1-0: Ball
2-0: Foul Ball, location: 25F
2-1: Fly out, F8 (Flyball, 8LM, EV 88.1 MPH)
Top of the 6th over - 0 runs, 1 hit, 0 errors, 1 left on base; Canterbury 1 - North Melbourne 2
BOTTOM OF THE 6TH
North Melbourne Kangaroos batting - Pitching for Canterbury Bulldogs : RHP Jamie Gemmell
Batting: LHB Harry Message 0-0: Ball
1-0: Called Strike
1-1: Ball
2-1: Ball
3-1: SOLO HOME RUN (Line Drive, 9D, EV 99.4 MPH), Distance : 384 ft
Batting: RHB Gavan Metherall 0-0: Ground out 1-3 (Groundball, 13S, EV 68.8 MPH)
Batting: LHB Ron Brumby 0-0: Called Strike
0-1: Reached on error, E3 (Groundball, 3S, EV 90.0 MPH)
Batting: RHB Brenden Gulledge 0-0: DOUBLE (Line Drive, 7LM, EV 105.0 MPH)
Ron Brumby to third
Runner from 3rd tries for Home, SAFE, throw by LF to trailing runner, OUT at third! 7-3-5
Batting: LHB Mat Stringfellow 0-0: Ball
1-0: Called Strike
1-1: Ball
2-1: Foul Ball, location: 2F
2-2: Hit by Pitch
Batting: RHB Kole Torin 0-0: Ball
1-0: Foul Ball, location: 2F
1-1: Called Strike
1-2: Foul Ball, location: 25FF
1-2: TRIPLE (Flyball, 89XD, EV 93.8 MPH)
Mat Stringfellow scores
Pinch Hitting: SHB Jim Carney 0-0: Ground out 4-3 (Groundball, 4S, EV 86.3 MPH)
Bottom of the 6th over - 3 runs, 3 hits, 1 error, 1 left on base; Canterbury 1 - North Melbourne 5
TOP OF THE 7TH
Canterbury Bulldogs batting - Pitching for North Melbourne Kangaroos : LHP Hans Kalman
Pitching: LHP Shane Tattersall
Batting: RHB Ted Claridge 0-0: Called Strike
0-1: Ball
1-1: Ball
2-1: Swinging Strike
2-2: Foul Ball, location: 7LDF
2-2: Foul Ball, location: 9LDF
2-2: Ball
3-2: Base on Balls
Batting: RHB Mitchel Watson 0-0: Called Strike
0-1: Swinging Strike
Ted Claridge is caught stealing 2nd base 2-4
0-2: Ball
1-2: Foul Ball, location: 2F
1-2: Ball
2-2: Foul Ball, location: 9LMF
2-2: Ground out 4-3 (Groundball, 4, EV 86.9 MPH)
Pinch Hitting: RHB Brad Junee 0-0: Ball
1-0: Swinging Strike
1-1: Foul Ball, location: 9LMF
1-2: Ball
2-2: Ball
3-2: SINGLE (Flyball, 89S, EV 92.5 MPH)
Batting: RHB Andre Farnsworth 0-0: Ball
1-0: SINGLE (Line Drive, 56D, EV 94.4 MPH)
Brad Junee to second
Batting: RHB David Oldreave 0-0: Foul Ball, location: 25F
0-1: Ball
1-1: Ball
2-1: DOUBLE (Groundball, 3L, EV 100.0 MPH)
Brad Junee scores
Andre Farnsworth to third
Batting: LHB Max Walters 0-0: Ball
1-0: Ball
2-0: Fly out, F7 (Flyball, 7LDF, EV 96.9 MPH)
Top of the 7th over - 1 run, 3 hits, 0 errors, 2 left on base; Canterbury 2 - North Melbourne 5
BOTTOM OF THE 7TH
North Melbourne Kangaroos batting - Pitching for Canterbury Bulldogs : RHP Jamie Gemmell
Pitching: RHP Frank Fearon
Batting: RHB Gareth Dunn 0-0: Called Strike
0-1: Foul Ball, location: 9LSF
0-2: Fly out, F7 (Flyball, 7LM, EV 89.4 MPH)
Batting: RHB Alan Morgan 0-0: Ball
1-0: SINGLE (Line Drive, 78S, EV 99.4 MPH)
Batting: LHB Harry Message 0-0: Ball
1-0: Ball
2-0: Called Strike
2-1: Fly out, F7 (Flyball, 7LS, EV 83.8 MPH)
Batting: RHB Gavan Metherall 0-0: Ball
Alan Morgan steals 2nd base
1-0: Ball
2-0: Called Strike
2-1: Ball
3-1: Called Strike
3-2: Foul Ball, location: 2F
3-2: Base on Balls
Batting: LHB Ron Brumby 0-0: Ball
1-0: Ball
2-0: Ball
3-0: Called Strike
3-1: Fielders Choice at 2nd, 6-4 (Groundball, 6, EV 92.5 MPH)
Bottom of the 7th over - 0 runs, 1 hit, 0 errors, 2 left on base; Canterbury 2 - North Melbourne 5
TOP OF THE 8TH
Canterbury Bulldogs batting - Pitching for North Melbourne Kangaroos : LHP Shane Tattersall
Now at 1B: John Paddock
Now in CF: David Hockley
Batting: RHB Tas Reeves 0-0: Called Strike
0-1: Fly out, F8 (Flyball, 8LD, EV 105.6 MPH)
Batting: LHB Shane Johnston 0-0: SINGLE (Groundball, 4MD, EV 99.4 MPH)
Batting: RHB Harry Pratly 0-0: Ball
1-0: Foul Ball, location: 9LMF
1-1: Ball
2-1: Ball
3-1: Base on Balls
Shane Johnston to second
Batting: RHB Ted Claridge 0-0: Grounds into double play, 4-6-3 (Groundball, 4, EV 82.5 MPH)
Top of the 8th over - 0 runs, 1 hit, 0 errors, 1 left on base; Canterbury 2 - North Melbourne 5
BOTTOM OF THE 8TH
North Melbourne Kangaroos batting - Pitching for Canterbury Bulldogs : RHP Frank Fearon
Batting: RHB Brenden Gulledge 0-0: Called Strike
0-1: Ball
1-1: SINGLE (Line Drive, 8RS, EV 103.8 MPH)
Batting: LHB Mat Stringfellow 0-0: Ball
1-0: Called Strike
Brenden Gulledge steals 2nd base
1-1: Intentional Walk
Batting: RHB Kole Torin 0-0: Called Strike
0-1: Fly out, F5 (Line Drive, 5, EV 76.9 MPH)
Pinch Hitting: RHB Freddy Dancer 0-0: Called Strike
0-1: 3-RUN HOME RUN (Flyball, 89XD, EV 100.6 MPH), Distance : 415 ft
Batting: RHB Gareth Dunn 0-0: Foul Ball, location: 25F
0-1: Ball
1-1: Ball
2-1: Ground out 5-3 (Groundball, 56S, EV 70.6 MPH)
Batting: RHB Alan Morgan 0-0: Ball
1-0: Ball
2-0: Ball
3-0: Base on Balls
Batting: RHB John Paddock 0-0: Ball
1-0: SINGLE (Groundball, 34D, EV 103.8 MPH)
Alan Morgan to second
Runner from 2nd tries for 3rd, SAFE, no throw by RF
Pitching: RHP Keiron Cunningham
Batting: RHB Gavan Metherall 0-0: Foul Ball, location: 23FF
0-1: Foul Ball, location: 2LF
0-2: Ground out 5-3 (Groundball, 56S, EV 85.6 MPH)
Bottom of the 8th over - 3 runs, 3 hits, 0 errors, 2 left on base; Canterbury 2 - North Melbourne 8
TOP OF THE 9TH
Canterbury Bulldogs batting - Pitching for North Melbourne Kangaroos : LHP Shane Tattersall
Pitching: RHP Ben Kingwell
Batting: RHB Mitchel Watson 0-0: Ball
1-0: Swinging Strike
1-1: Fly out, F6 (Line Drive, 6, EV 61.3 MPH)
Pinch Hitting: LHB Silas Perrin 0-0: Ground out 4-3 (Groundball, 4, EV 80.6 MPH)
Batting: RHB Andre Farnsworth 0-0: Called Strike
0-1: Ball
1-1: Ground out 4-3 (Groundball, 4, EV 92.5 MPH)
Top of the 9th over - 0 runs, 0 hits, 0 errors, 0 left on base; Canterbury 2 - North Melbourne 8
Wednesday, April 24th , 2024 - OOTP Baseball 24.9 Build 80